 Dungeon Crawl Stone Soup version 0.22-a0-433-gd2a9cce0b5 (webtiles) character file.

14 JackS81 the Ruffian (level 2, -1/25 HPs)
             Began as a Naga Transmuter on May 28, 2018.
             Slain by a gnoll
             ... wielding a +0 spear
              (7 damage)
             ... on level 1 of the Dungeon.
             The game lasted 00:01:42 (636 turns).

JackS81 the Ruffian (Naga Transmuter)                Turns: 636, Time: 00:01:43

Health: -1/25      AC:  1    Str: 12    XL:     2   Next: 45%
Magic:  5/5        EV: 10    Int: 13    God:
Gold:   9          SH:  0    Dex: 11    Spells: 4/5 levels left

rFire    . . .     SeeInvis +     - Unarmed
rCold    . . .     Gourm    .   (no shield)
rNeg     . . .     Faith    .   b - +0 robe
rPois    +         Spirit   .   (no helmet)
rElec    .         Reflect  .   (no cloak)
rCorr    .         Harm     .   (no gloves)
MR       .....                  (no barding)
Stlth    +.........             (no amulet)
HPRegen  0.08/turn              (no ring)
MPRegen  0.09/turn              (no ring)

@: very slow
A: large, see invisible, deformed body, poison resistance, slowness 2, slow
metabolism 1, spit poison 1, AC +0
a: Spit Poison


You were on level 1 of the Dungeon.
You were not hungry.

You visited 1 branch of the dungeon, and saw 1 of its levels.

You collected 9 gold pieces.

Inventory:

Missiles
 a - 12 arrows
 f - a stone (quivered)
Armour
 b - a +0 robe (worn)
Scrolls
 g - 2 scrolls of identify {unknown}
Potions
 e - a potion of curing {unknown}
Comestibles
 d - a ration


   Skills:
 - Level 1.0 Fighting
 * Level 1.8 Dodging
 * Level 0.2 Stealth
 * Level 3.5 Unarmed Combat
 - Level 2.0 Spellcasting
 * Level 2.1 Transmutations


You had 4 spell levels left.
You knew the following spells:

 Your Spells              Type           Power        Failure   Level  Hunger
a - Beastly Appendage     Tmut           #.....       11%         1    ##.....

Your spell library contained the following spells:

 Spells                   Type           Power        Failure   Level  Hunger
 Spider Form              Tmut/Pois      #.........   45%         3    ####...
 Blade Hands              Tmut           #.........   96%         5    ######.
 Ice Form                 Ice/Tmut       #.......     86%         4    #####..
 Sticks to Snakes         Tmut           #.......     16%         2    ###....


Dungeon Overview and Level Annotations

Branches:
Dungeon (1/15)

Altars:


Innate Abilities, Weirdness & Mutations

You cannot wear boots.
Your serpentine skin is tough. (AC +0)
You have supernaturally acute eyesight. (SInv)
Armour fits poorly on your strangely shaped body.
Your system is resistant to poisons. (rPois)
You cover ground very slowly.
You have a slow metabolism.
You can spit poison.


Message History

The bat hits you.
A goblin comes into view. It is wielding a dagger.
The bat hits you. The bat hits you.
You hit the bat.
The bat is moderately wounded.
The bat barely misses you. The bat misses you. The bat hits you.
The bat hits you. The bat hits you. The bat hits you but does no damage.
The gnoll hits you from afar with a spear!
The goblin hits you with a dagger.
* * * LOW HITPOINT WARNING * * *
The bat barely misses you. The bat hits you but does no damage.
The bat hits you but does no damage. The bat closely misses you.
The gnoll hits you from afar with a spear!
You die...

########..##.......#
..........##.....#.#
...........#.....#.#
...........#.....#.#
.................#.#
..........#......#.#
..........#..#+###.#
..........##+#+#.#.# ..#
..........#....g@..# ..#
..........#.....b###...#
###...#####.....g......#
.P#...#####...>.###.....
PP#...#.............##.#
..#...#.........$......#
P♣#...#.................
♣P#...#.............####
P.#...#.?...........#


You could see a gnoll, a goblin and a bat.

Vanquished Creatures
  2 dart slugs (D:1)
  A giant cockroach (D:1)
  2 hobgoblins (D:1)
  3 kobolds (D:1)
  A bat (D:1)
  A frilled lizard (D:1)
  A rat (D:1)
11 creatures vanquished.

Notes
Turn   | Place    | Note
-------+----------+-------------------------------------------
     0 | D:1      | JackS81 the Naga Transmuter began the quest for the Orb.
     0 | D:1      | Reached XP level 1. HP: 18/18 MP: 3/3
   137 | D:1      | Reached XP level 2. HP: 10/25 MP: 5/5
   636 | D:1      | Slain by a gnoll

Vault maps used:
D:1:      minmay_arrival_arboretum_small

Action                   || total
-------------------------++-------
Melee: Unarmed           ||    41
       Headbutt          ||     3
       Punch             ||     1
 Cast: Beastly Appendage ||     6
Armor: Robe              ||    12
Dodge: Dodged            ||    25

Table legend:
 A = Spawn XP
 B = Non-spawn XP
 C = Spawn XP percentage of total XP
 D = Spawn monster count
 E = Non-spawn monster count
 F = Spawn count percentage of total count
 G = Total turns spent on level
                    A         B        C        D         E        F      G
               +---------+---------+-------+---------+---------+-------+---------
         Total |       0 |      21 |   0.0 |       0 |      11 |   0.0 |   636
               +---------+---------+-------+---------+---------+-------+---------
           D:1 |       0 |      21 |   0.0 |       0 |      11 |   0.0 |   636
               +---------+---------+-------+---------+---------+-------+---------
